 Dungeon Crawl Stone Soup version 0.29.1-15-g9cfb28693d (webtiles) character file.

Game seed: 16251246670319112142

873 Barneous the Gusty (level 8, 0/46 HPs)
             Began as an Octopode Wanderer on Mar 13, 2023.
             Killed from afar by Dowan (11 damage)
             ... with a puff of flame
             ... on level 5 of the Dungeon.
             The game lasted 00:16:38 (5653 turns).

Barneous the Gusty (Octopode Wanderer)              Turns: 5653, Time: 00:16:39

Health: 0/46       AC:  1    Str:  9      XL:     8   Next: 4%
Magic:  4/4        EV: 14    Int: 19      God:
Gold:   144        SH:  0    Dex: 19 (20) Spells: 9/12 levels left

rFire   . . .      SeeInvis .   i - +8 dagger of the Thing {antimagic, Dex+3 Stlth+}
rCold   . . .      Faith    .   (no shield)
rNeg    . . .      Spirit   .   (helmet restricted)
rPois   .          Reflect  .   k - amulet of regeneration
rElec   .          Harm     .   a - +6 ring of dexterity
rCorr   .          Rampage  .   f - ring of wizardry
Will    .....      Clarity  +   (no ring)
Stlth   +++++.....              (no ring)
HPRegen 0.95/turn               (no ring)
MPRegen 0.09/turn               (no ring)
                                (no ring)
                                (no ring)

@: no status effects
A: almost no armour, amphibious, 8 rings, camouflage 1, gelatinous body 1,
(nimble swimmer 1), tentacles, clarity, deterioration 1, wild magic 1
a: no special abilities


You were on level 5 of the Dungeon.
You visited 1 branch of the dungeon, and saw 5 of its levels.

You collected 144 gold pieces.

Inventory:

Hand Weapons
 d - a +1 dagger of protection
 i - the +8 dagger of the Thing (weapon) {antimagic, Dex+3 Stlth+}
   (You found it on level 2 of the Dungeon)

   It reduces the magical energy of the wielder, and disrupts the spells and
   magical abilities of those it strikes.
   Natural abilities and divine invocations are not affected.
   Dex:       It affects your dexterity (+3).
   Stlth:     It makes you more stealthy.
Jewellery
 a - a +6 ring of dexterity (left tentacle)
 f - a ring of wizardry (right tentacle)
 h - a ring of ice
 k - an amulet of regeneration (around mantle)
Wands
 c - a wand of flame (30)
 l - a wand of digging (4)
Scrolls
 b - a scroll of enchant armour
 e - a scroll of teleportation
 g - 3 scrolls of identify
Potions
 j - 3 potions of curing


   Skills:
 + Level 2.8 Short Blades
 + Level 3.1 Dodging
 + Level 4.0 Stealth
 + Level 2.5 Unarmed Combat
 + Level 2.8 Spellcasting
 + Level 3.6 Fire Magic
 + Level 5.9 Air Magic
 + Level 3.5 Evocations


You had 9 spell levels left.
You knew the following spells:

 Your Spells              Type           Power      Damage    Failure   Level
a - Shock                 Conj/Air       72%        1d7       3%          1
b - Foxfire               Conj/Fire      48%        2x1d6     4%          1
c - Magic Dart            Conj           12%        1d3       9%          1

Your spell library contained the following spells:

 Spells                   Type           Power      Damage    Failure   Level
 Swiftness                Air            32%        N/A       2%          3
 Static Discharge         Conj/Air       18%        3-6/arc   4%          2
 Inner Flame              Hex/Fire       12%        N/A       12%         3
 Mephitic Cloud           Conj/Pois/Air  13%        N/A       12%         3
 Call Imp                 Summ           3%         N/A       13%         2


Dungeon Overview and Level Annotations

Branches:
Dungeon (5/15)
 Temple: D:4-7

Altars:
Gozag
Kikubaaqudgha
Makhleb
Qazlal
Vehumet

Annotations:
D:5 Dowan, Duvessa


Innate Abilities, Weirdness & Mutations

You cannot wear most types of armour.
You are amphibious.
You can wear up to eight rings at the same time.
Your skin changes colour to match your surroundings (Stealth+).
Your rubbery body absorbs attacks. (AC +1, EV +1)
((You are camouflaged when in or above water. (Stealth+)))
You have tentacles for arms and can constrict up to eight enemies at once.
You possess an exceptional clarity of mind.
Your body sometimes deteriorates upon taking damage.
Your spells are a little harder to cast, but a little more powerful.


Message History

You open the door.
There is an open door here.
Dowan, Brother of Duvessa comes into view.
He is wielding a +0 dagger.
Duvessa, Sister of Dowan comes into view.
She is wielding a +0 rapier.
Dowan shouts!
Dowan points at Duvessa and mumbles some strange words.
Duvessa seems to speed up.
Dowan hits you with a +0 dagger. Duvessa closely misses you.
You hit Duvessa. Your grab misses Duvessa.
Duvessa is lightly wounded.
Duvessa hits you with a +0 rapier!
Dowan mumbles some strange words.
Dowan blinks!
You hit Duvessa but do no damage. You grab Duvessa.
Duvessa is lightly wounded.
You constrict Duvessa, but do no damage.
Duvessa closely misses you. Dowan casts a spell at you.
You resist with some effort. Duvessa hits you with a +0 rapier!
You are too injured to fight recklessly!
You hit Duvessa. Your squeeze misses Duvessa.
Duvessa is lightly wounded.
You constrict Duvessa, but do no damage.
Duvessa hits you with a +0 rapier.
You hit Duvessa but do no damage.
Duvessa is lightly wounded.
You constrict Duvessa, but do no damage.
Duvessa closely misses you.
You hit Duvessa but do no damage. You squeeze Duvessa, but do no damage.
Duvessa is lightly wounded.
You constrict Duvessa, but do no damage.
Duvessa barely misses you.
You hit Duvessa. Your squeeze misses Duvessa.
Duvessa is moderately wounded.
You constrict Duvessa. Duvessa misses you. Duvessa hits you with a +0 rapier!
* * * LOW HITPOINT WARNING * * *
Your body deteriorates!
You feel clumsy. Dowan casts a spell at you. The puff of flame hits you!
You die...

...#.#...#....#.#.#..#
...#.#....#...#...#...
..<..#8..#...8#.....##
...#..####'###..:.....
...................#
..###.##..###......#####
.## #.....#.....e......#
.# #####.#............#
.# #.#.....@e...... ##
#.#............#
########.#............#
##......................
.#..........############
.#..........#######
.#..........##...<#
.#..........##.##.#
....##.......#.##.#


You could see Duvessa (fast) and Dowan.

Vanquished Creatures
  Menkaure (D:5)
  2 ogres (D:4)
  A centaur (D:4)
  A scorpion (D:5)
  A necrophage (D:4)
  Crazy Yiuf (D:3)
  Ijyb (D:5)
  Natasha (twice) (D:3)
  Terence (D:3)
  Robin (D:3)
  7 gnolls
  8 adders
  A shadow imp (D:4)
  2 dart slugs
  2 orcs
  10 ball pythons
  5 endoplasms
  4 giant cockroaches
  18 goblins
  9 hobgoblins
  6 jackals
  12 kobolds
  5 quokkas
  7 bats
  2 frilled lizards
  4 rats
114 creatures vanquished.

Vanquished Creatures (others)
  6 foxfires (D:2)
6 creatures vanquished.

Grand Total: 120 creatures vanquished

Notes
Turn   | Place    | Note
-------+----------+-------------------------------------------
     0 | D:1      | Barneous the Octopode Wanderer began the quest for the Orb.
     0 | D:1      | Barneous set off with the following items: a +0 dagger, a
                  | potion of invisibility, a wand of flame (5); and the
                  | following spells available to memorise: Shock, Static
                  | Discharge, Foxfire, Swiftness, Inner Flame.
     0 | D:1      | Reached XP level 1. HP: 11/11 MP: 2/2
     2 | D:1      | Learned a level 1 spell: Shock
   519 | D:1      | Reached XP level 2. HP: 17/17 MP: 0/3
   993 | D:1      | Reached skill level 1 in Stealth
  1024 | D:1      | Gained mutation: Your body sometimes deteriorates upon
                  | taking damage. [potion of mutation]
  1024 | D:1      | Gained mutation: Your spells are a little harder to cast,
                  | but a little more powerful. [potion of mutation]
  1024 | D:1      | Gained mutation: You possess an exceptional clarity of
                  | mind. [potion of mutation]
  1198 | D:1      | Reached XP level 3. HP: 21/21 MP: 2/4
  1949 | D:2      | Learned a level 1 spell: Foxfire
  1971 | D:2      | Reached XP level 4. HP: 23/27 MP: 0/6
  2130 | D:2      | Reached skill level 1 in Short Blades
  2133 | D:2      | Reached skill level 1 in Unarmed Combat
  2476 | D:2      | Identified the +8 dagger of the Thing {antimagic, Dex+3
                  | Stlth+}
  3005 | D:3      | Noticed Natasha
  3014 | D:3      | Killed Natasha
  3015 | D:3      | Reached XP level 5. HP: 22/31 MP: 1/7
  3361 | D:3      | Noticed Natasha
  3367 | D:3      | Killed Natasha
  3551 | D:3      | Noticed Terence
  3563 | D:3      | Killed Terence
  3570 | D:3      | Noticed Robin
  3741 | D:3      | Killed Robin
  3742 | D:3      | Reached XP level 6. HP: 20/36 MP: 1/8
  4066 | D:3      | Found a runed translucent door.
  4067 | D:3      | Noticed Crazy Yiuf
  4271 | D:3      | Killed Crazy Yiuf
  4651 | D:4      | Reached XP level 7. HP: 5/41 MP: 3/10
  4723 | D:4      | Found a stormy altar of Qazlal.
  4806 | D:4      | Learned a level 1 spell: Magic Dart
  5034 | D:4      | Found a burning altar of Makhleb.
  5108 | D:4      | Found an ancient bone altar of Kikubaaqudgha.
  5135 | D:4      | Found an opulent altar of Gozag.
  5187 | D:4      | Found a radiant altar of Vehumet.
  5219 | D:5      | Entered Level 5 of the Dungeon
  5341 | D:5      | Noticed Ijyb
  5351 | D:5      | Killed Ijyb
  5438 | D:5      | Noticed Menkaure
  5444 | D:5      | Killed Menkaure
  5445 | D:5      | Reached XP level 8. HP: 32/46 MP: 4/12
  5643 | D:5      | Noticed Dowan
  5644 | D:5      | Noticed Duvessa
  5653 | D:5      | Killed from afar by Dowan

Illustrated notes

Levels and vault maps discovered:
D:1:      minmay_arrival_jagged, layout_basic, dk_noncrumbling_4,
          chequers_serial_rivers_micro_b, hangedman_abyss_or_decor_lesser_grid,
          grunt_decor_fettered, hangedman_feature_mirror, minivault_24
D:2:      minmay_evil_eye, layout_rooms, kennysheep_big_empty_room
D:3:      layout_basic, uniq_natasha, uniq_robin, uniq_crazy_yiuf_cottage,
          uniq_terence
D:4:      layout_loops_ring, nicolae_overflow_quartered_altars,
          nicolae_qazlal_scattered_showers
D:5:      layout_basic, minivault_1, uniq_ijyb, uniq_duvessa, uniq_pikel,
          uniq_menkaure

Skill      XL: |  1  2  3  4  5  6  7 |
---------------+----------------------+-----
Stealth        | 1 2 3 4 |  4.0
Evocations     | 2 3 |  3.5
Short Blades   | 1 2 |  2.8
Unarmed Combat | 1 2 |  2.5
Dodging        | 2 3 |  3.1
Spellcasting   | 2 |  2.8
Fire Magic     | 3 |  3.6
Air Magic      | |  5.9

Action                   |  1- 3 |  4- 6 |  7- 9 || total
-------------------------+-------+-------+-------++-------
Melee: Dagger            |    45 |    76 |    42 ||   163
       Constrict         |     9 |    16 |    10 ||    35
       Tentacles         |    10 |    13 |     9 ||    32
       Punch             |       |     2 |     1 ||     3
 Cast: Shock             |    57 |    33 |     3 ||    93
       Foxfire           |     1 |     2 |       ||     3
Evoke: Wand              |       |     2 |       ||     2
  Use: Potion            |     3 |     4 |     2 ||     9
       Scroll            |     5 |     2 |     2 ||     9
 Stab: Sleeping          |     1 |     9 |     5 ||    15
Armor: Skin              |     7 |     4 |     1 ||    12
Dodge: Dodged            |    24 |    30 |    28 ||    82
